TOP OF THE 1ST |
Arizona Diamondbacks batting - Pitching for New York Mets : RHP Matt McAtee
|
Pitching: RHP Matt McAtee
|
|
Batting: LHB Eric Klasek
|
0-0: Ball 1-0: Foul Ball, location: 2F 1-1: Ball 2-1: Foul Ball, location: 2F 2-2: Foul Ball, location: 2F 2-2: Strikes out looking
|
Batting: RHB David Price Jr.
|
0-0: Swinging Strike 0-1: DOUBLE (Line Drive, 78M, EV 109.4 MPH)
|
Batting: SHB Alec Thorpe
|
0-0: Ground out 5-3 (Groundball, 25, EV 91.9 MPH)
|
Batting: LHB Danny Dunham
|
0-0: Ball 1-0: Ball 2-0: Fly out, F9 (Flyball, 9LM, EV 91.2 MPH)
|
Top of the 1st over - 0 runs, 1 hit, 0 errors, 1 left on base; Arizona 0 - New York 0 |
BOTTOM OF THE 1ST |
New York Mets batting - Pitching for Arizona Diamondbacks : RHP Art Nobles
|
Pitching: RHP Art Nobles
|
|
Batting: SHB Sean Cook
|
0-0: Bunt for hit to 15S - play at first, batter OUT! 1-3
|
Batting: SHB Jonathan Jenkins
|
0-0: Ground out 4-3 (Groundball, 4, EV 87.5 MPH)
|
Batting: SHB Nelle van den Berg
|
0-0: Called Strike 0-1: Ball 1-1: Called Strike 1-2: Ball 2-2: Ball 3-2: Foul Ball, location: 2F 3-2: Strikes out swinging
|
Bottom of the 1st over - 0 runs, 0 hits, 0 errors, 0 left on base; Arizona 0 - New York 0 |
TOP OF THE 2ND |
Arizona Diamondbacks batting - Pitching for New York Mets : RHP Matt McAtee
|
Batting: SHB Perry Tuckfard
|
0-0: Called Strike 0-1: Ball 1-1: Swinging Strike 1-2: Strikes out swinging
|
Batting: SHB Troy McClure
|
0-0: Ball 1-0: Ball 2-0: Called Strike 2-1: Foul Ball, location: 2F 2-2: Strikes out swinging
|
Batting: LHB Kyle Beaulieu
|
0-0: Called Strike 0-1: Called Strike 0-2: Ball 1-2: Foul Ball, location: 2F 1-2: Foul Ball, location: 2F 1-2: Foul Ball, location: 2F 1-2: Ball 2-2: Ground out U3 (Groundball, 3L, EV 101.9 MPH)
|
Top of the 2nd over - 0 runs, 0 hits, 0 errors, 0 left on base; Arizona 0 - New York 0 |
BOTTOM OF THE 2ND |
New York Mets batting - Pitching for Arizona Diamondbacks : RHP Art Nobles
|
Batting: SHB Gus Berry
|
0-0: Ground out 4-3 (Groundball, 4, EV 85.0 MPH)
|
Batting: SHB Kaname Fujimoto
|
0-0: Called Strike 0-1: Foul Ball, location: 2F 0-2: Ball 1-2: Fly out, F4 (Popup, 34D, EV 53.8 MPH)
|
Batting: SHB Javy Rosa
|
0-0: Swinging Strike 0-1: Foul Ball, location: 2F 0-2: Ground out 5-3 (Groundball, 5, EV 81.9 MPH)
|
Bottom of the 2nd over - 0 runs, 0 hits, 0 errors, 0 left on base; Arizona 0 - New York 0 |
TOP OF THE 3RD |
Arizona Diamondbacks batting - Pitching for New York Mets : RHP Matt McAtee
|
Batting: RHB Blake Ballard
|
0-0: Ball 1-0: Called Strike 1-1: Ball 2-1: Ball 3-1: Base on Balls
|
Batting: RHB Mario Soto
|
0-0: Called Strike 0-1: Ball 1-1: Foul Ball, location: 2F 1-2: 2-RUN HOME RUN (Flyball, 7D, EV 95.6 MPH), Distance : 362 ft
|
Batting: LHB Eric Klasek
|
0-0: Ball 1-0: Called Strike 1-1: Foul Ball, location: 2F 1-2: Strikes out looking
|
Batting: RHB David Price Jr.
|
0-0: Ball 1-0: Called Strike 1-1: Ball 2-1: Fly out, F2 (Popup, 25F, EV 91.9 MPH)
|
Batting: SHB Alec Thorpe
|
0-0: Ball 1-0: Called Strike 1-1: Called Strike 1-2: Ball 2-2: Ball 3-2: SINGLE (Groundball, 5S, EV 65.6 MPH) (infield hit)
|
Batting: LHB Danny Dunham
|
0-0: Ball 1-0: Ball 2-0: Called Strike 2-1: Foul Ball, location: 2F 2-2: Fly out, F3 (Popup, 23F, EV 89.4 MPH)
|
Top of the 3rd over - 2 runs, 2 hits, 0 errors, 1 left on base; Arizona 2 - New York 0 |
BOTTOM OF THE 3RD |
New York Mets batting - Pitching for Arizona Diamondbacks : RHP Art Nobles
|
Batting: LHB Bill Armijo
|
0-0: Called Strike 0-1: Ball 1-1: Ball 2-1: Fly out, F8 (Flyball, 8LS, EV 86.2 MPH)
|
Batting: SHB Tomas Caldera
|
0-0: Ground out 4-3 (Groundball, 4, EV 103.8 MPH)
|
Batting: SHB Scott Bartholomew
|
0-0: Ball 1-0: Called Strike 1-1: Ball 2-1: Swinging Strike 2-2: Ground out 4-3 (Groundball, 4, EV 96.9 MPH)
|
Bottom of the 3rd over - 0 runs, 0 hits, 0 errors, 0 left on base; Arizona 2 - New York 0 |
TOP OF THE 4TH |
Arizona Diamondbacks batting - Pitching for New York Mets : RHP Matt McAtee
|
Batting: SHB Perry Tuckfard
|
0-0: Ground out 2-3 (Groundball, 2R, EV 75.0 MPH)
|
Batting: SHB Troy McClure
|
0-0: Swinging Strike 0-1: Foul Ball, location: 2F 0-2: Foul Ball, location: 2F 0-2: Strikes out swinging
|
Batting: LHB Kyle Beaulieu
|
0-0: Ball 1-0: DOUBLE (Flyball, 8RXD, EV 91.9 MPH)
|
Batting: RHB Blake Ballard
|
0-0: Called Strike 0-1: Ground out 6-3 (Groundball, 6, EV 101.2 MPH)
|
Top of the 4th over - 0 runs, 1 hit, 0 errors, 1 left on base; Arizona 2 - New York 0 |
BOTTOM OF THE 4TH |
New York Mets batting - Pitching for Arizona Diamondbacks : RHP Art Nobles
|
Batting: SHB Sean Cook
|
0-0: Ball 1-0: Ball 2-0: Foul Ball, location: 2F 2-1: SINGLE (Groundball, 25, EV 70.0 MPH) (infield hit)
|
Batting: SHB Jonathan Jenkins
|
0-0: Reached on error, E1 (Groundball, 15S, EV 70.0 MPH) Sean Cook to second
|
Batting: SHB Nelle van den Berg
|
0-0: Foul Ball, location: 2F 0-1: Called Strike 0-2: Reached on error, E5 (Groundball, 56, EV 81.9 MPH) Sean Cook to third Jonathan Jenkins to second
|
Batting: SHB Gus Berry
|
0-0: Ball 1-0: Ball 2-0: Foul Ball, location: 2F 2-1: Ball 3-1: Called Strike 3-2: DOUBLE (Line Drive, 5D, EV 106.9 MPH) Sean Cook scores Jonathan Jenkins scores Nelle van den Berg to third
|
Batting: SHB Kaname Fujimoto
|
0-0: Called Strike 0-1: Foul Ball, location: 2F 0-2: Fly out, F7 (Flyball, 78M, EV 81.2 MPH)
|
Batting: SHB Javy Rosa
|
0-0: Called Strike 0-1: Swinging Strike 0-2: Strikes out looking
|
Batting: LHB Bill Armijo
|
0-0: Called Strike 0-1: Called Strike 0-2: Ball 1-2: Foul Ball, location: 2F 1-2: Ground out U3 (Groundball, 3, EV 86.2 MPH)
|
Bottom of the 4th over - 2 runs, 2 hits, 2 errors, 2 left on base; Arizona 2 - New York 2 |
TOP OF THE 5TH |
Arizona Diamondbacks batting - Pitching for New York Mets : RHP Matt McAtee
|
Batting: RHB Mario Soto
|
0-0: Ball 1-0: Fly out, F9 (Flyball, 89S, EV 90.0 MPH)
|
Batting: LHB Eric Klasek
|
0-0: Ball 1-0: Ball 2-0: Ball 3-0: Called Strike 3-1: Base on Balls
|
Batting: RHB David Price Jr.
|
0-0: Ball 1-0: Ball 2-0: Ball 3-0: Called Strike 3-1: Called Strike 3-2: Foul Ball, location: 2F 3-2: Fly out, F7 (Flyball, 7LS, EV 72.5 MPH)
|
Pitching: RHP Victor Morin
|
|
Batting: SHB Alec Thorpe
|
0-0: Fly out, F8 (Line Drive, 8RM, EV 95.6 MPH)
|
Top of the 5th over - 0 runs, 0 hits, 0 errors, 1 left on base; Arizona 2 - New York 2 |
BOTTOM OF THE 5TH |
New York Mets batting - Pitching for Arizona Diamondbacks : RHP Art Nobles
|
Batting: SHB Tomas Caldera
|
0-0: Called Strike 0-1: Ground out U3 (Groundball, 3S, EV 95.0 MPH)
|
Batting: SHB Scott Bartholomew
|
0-0: Called Strike 0-1: Called Strike 0-2: Strikes out looking
|
Batting: SHB Sean Cook
|
0-0: Ball 1-0: Called Strike 1-1: Ball 2-1: Fly out, F7 (Line Drive, 7D, EV 90.0 MPH)
|
Bottom of the 5th over - 0 runs, 0 hits, 0 errors, 0 left on base; Arizona 2 - New York 2 |
TOP OF THE 6TH |
Arizona Diamondbacks batting - Pitching for New York Mets : RHP Victor Morin
|
Batting: LHB Danny Dunham
|
0-0: Called Strike 0-1: Called Strike 0-2: Foul Ball, location: 2F 0-2: Ball 1-2: Strikes out looking
|
Batting: SHB Perry Tuckfard
|
0-0: Swinging Strike 0-1: Ball 1-1: Ball 2-1: Ball 3-1: Foul Ball, location: 2F 3-2: Ground out 6-3 (Groundball, 6, EV 80.6 MPH)
|
Batting: SHB Troy McClure
|
0-0: Ball 1-0: Fly out, F9 (Flyball, 89XD, EV 109.4 MPH)
|
Top of the 6th over - 0 runs, 0 hits, 0 errors, 0 left on base; Arizona 2 - New York 2 |
BOTTOM OF THE 6TH |
New York Mets batting - Pitching for Arizona Diamondbacks : RHP Art Nobles
|
Batting: SHB Jonathan Jenkins
|
0-0: Ground out U3 (Groundball, 3L, EV 82.5 MPH)
|
Batting: SHB Nelle van den Berg
|
0-0: Ball 1-0: SINGLE (Line Drive, 7S, EV 105.0 MPH)
|
Batting: SHB Gus Berry
|
0-0: Ball 1-0: Called Strike 1-1: Ball 2-1: Foul Ball, location: 2F 2-2: Fly out, F9 (Flyball, 9LS, EV 70.6 MPH)
|
Batting: SHB Kaname Fujimoto
|
0-0: Ball Nelle van den Berg is caught stealing 2nd base 2-6
|
Bottom of the 6th over - 0 runs, 1 hit, 0 errors, 0 left on base; Arizona 2 - New York 2 |
TOP OF THE 7TH |
Arizona Diamondbacks batting - Pitching for New York Mets : RHP Victor Morin
|
Batting: LHB Kyle Beaulieu
|
0-0: Ball 1-0: Ball 2-0: Ball 3-0: Called Strike 3-1: Base on Balls
|
Pinch Hitting: LHB Roy Steigerwald
|
0-0: Ball 1-0: Called Strike 1-1: Ball 2-1: Ball 3-1: Called Strike 3-2: DOUBLE (Line Drive, 9LM, EV 110.0 MPH) Kyle Beaulieu to third
|
Batting: RHB Mario Soto
|
0-0: Ball 1-0: Swinging Strike 1-1: Foul Ball, location: 2F 1-2: Foul Ball, location: 2F 1-2: Strikes out swinging
|
Batting: LHB Eric Klasek
|
0-0: Intentional Walk
|
Batting: RHB David Price Jr.
|
0-0: Ball 1-0: Swinging Strike 1-1: SINGLE (Groundball, 56, EV 110.0 MPH) Kyle Beaulieu scores Roy Steigerwald to third Eric Klasek to second Runner from 3rd tries for Home, SAFE, throw by LF to home
|
Batting: SHB Alec Thorpe
|
0-0: Called Strike 0-1: Called Strike Eric Klasek steals 3rd base 0-2: Ball 1-2: Foul Ball, location: 2F 1-2: Fly out, F8 (Flyball, 8LD, EV 103.8 MPH) Runner from 3rd tags up, OUT at HOME! 8-2
|
Top of the 7th over - 2 runs, 2 hits, 0 errors, 1 left on base; Arizona 4 - New York 2 |
BOTTOM OF THE 7TH |
New York Mets batting - Pitching for Arizona Diamondbacks : RHP Art Nobles
|
Now in CF: Roy Steigerwald
|
|
Batting: SHB Kaname Fujimoto
|
0-0: Called Strike 0-1: Ball 1-1: Swinging Strike 1-2: Ball 2-2: Foul Ball, location: 2F 2-2: SINGLE (Groundball, 34D, EV 97.5 MPH)
|
Batting: SHB Javy Rosa
|
0-0: Ball 1-0: Ball 2-0: Ball 3-0: Base on Balls Kaname Fujimoto to second
|
Batting: LHB Bill Armijo
|
0-0: Ball 1-0: Sac Bunt to 23 - play at first, batter safe! Kaname Fujimoto to third Javy Rosa to second
|
Batting: SHB Tomas Caldera
|
0-0: Called Strike 0-1: Called Strike 0-2: Ball 1-2: Foul Ball, location: 2F 1-2: Strikes out looking
|
Batting: SHB Scott Bartholomew
|
0-0: Called Strike 0-1: SINGLE (Groundball, 6M, EV 108.1 MPH) Kaname Fujimoto scores Javy Rosa to third Bill Armijo to second Runner from 3rd tries for Home, SAFE, throw by CF to home
|
Batting: SHB Sean Cook
|
0-0: Ball 1-0: Ball 2-0: Foul Ball, location: 2F 2-1: Foul Ball, location: 2F 2-2: Foul Ball, location: 2F 2-2: Ball 3-2: Foul Ball, location: 2F 3-2: Fly out, F9 (Flyball, 9S, EV 82.5 MPH)
|
Batting: SHB Jonathan Jenkins
|
0-0: Ball 1-0: Ball 2-0: Ball 3-0: Base on Balls Bill Armijo to third Scott Bartholomew to second
|
Pitching: RHP André Gaillard
|
|
Batting: SHB Nelle van den Berg
|
0-0: Called Strike 0-1: Fly out, F7 (Line Drive, 7, EV 86.2 MPH)
|
Bottom of the 7th over - 2 runs, 3 hits, 0 errors, 3 left on base; Arizona 4 - New York 4 |
TOP OF THE 8TH |
Arizona Diamondbacks batting - Pitching for New York Mets : RHP Victor Morin
|
Pitching: RHP Justin Howard
|
|
Batting: LHB Danny Dunham
|
0-0: Called Strike 0-1: Called Strike 0-2: Ball 1-2: Foul Ball, location: 2F 1-2: Foul Ball, location: 2F 1-2: Foul Ball, location: 2F 1-2: Fly out, F7 (Flyball, 7LD, EV 110.6 MPH)
|
Batting: SHB Perry Tuckfard
|
0-0: Foul Ball, location: 2F 0-1: SINGLE (Groundball, 13S, EV 70.0 MPH) (infield hit)
|
Batting: SHB Troy McClure
|
0-0: Ball 1-0: Called Strike 1-1: Ball 2-1: Ball 3-1: Reached on error, E4 (Groundball, 4, EV 103.1 MPH) Perry Tuckfard to second
|
Batting: LHB Kyle Beaulieu
|
0-0: Ball 1-0: Called Strike 1-1: Called Strike 1-2: Foul Ball, location: 2F 1-2: Foul Ball, location: 2F 1-2: Ball 2-2: Strikes out swinging
|
Batting: LHB Roy Steigerwald
|
0-0: Ball 1-0: Ball 2-0: Foul Ball, location: 2F 2-1: Ball 3-1: Foul Ball, location: 2F 3-2: SINGLE (Line Drive, 5, EV 95.6 MPH) Perry Tuckfard to third Troy McClure to second Perry Tuckfard scores Troy McClure to third
|
Batting: RHB Mario Soto
|
0-0: Called Strike 0-1: Ball 1-1: Ball 2-1: Foul Ball, location: 2F 2-2: Fielders Choice at 2nd, 5-4 (Groundball, 56, EV 98.1 MPH)
|
Top of the 8th over - 1 run, 2 hits, 1 error, 2 left on base; Arizona 5 - New York 4 |
BOTTOM OF THE 8TH |
New York Mets batting - Pitching for Arizona Diamondbacks : RHP André Gaillard
|
Batting: SHB Gus Berry
|
0-0: Ground out U3 (Groundball, 34, EV 76.2 MPH)
|
Batting: SHB Kaname Fujimoto
|
0-0: Fly out, F4 (Popup, 34S, EV 84.4 MPH)
|
Batting: SHB Javy Rosa
|
0-0: Called Strike 0-1: DOUBLE (Line Drive, 89D, EV 106.2 MPH)
|
Batting: LHB Bill Armijo
|
0-0: Fly out, F7 (Flyball, 7LS, EV 83.8 MPH)
|
Bottom of the 8th over - 0 runs, 1 hit, 0 errors, 1 left on base; Arizona 5 - New York 4 |
TOP OF THE 9TH |
Arizona Diamondbacks batting - Pitching for New York Mets : RHP Justin Howard
|
Pitching: LHP Xu-gang Zhou
|
|
Batting: LHB Eric Klasek
|
0-0: Called Strike 0-1: Swinging Strike 0-2: Strikes out swinging
|
Batting: RHB David Price Jr.
|
0-0: Hit by Pitch
|
Batting: SHB Alec Thorpe
|
0-0: Ball 1-0: Ball 2-0: SINGLE (Line Drive, 8LS, EV 85.6 MPH) David Price Jr. to second Runner from 2nd tries for 3rd, SAFE, no throw by CF
|
Pinch Hitting: RHB Billy Crookston
|
0-0: Foul Ball, location: 2F 0-1: Ball 1-1: Swinging Strike 1-2: Ball 2-2: Grounds into double play, 6-4-3 (Groundball, 6, EV 93.1 MPH)
|
Top of the 9th over - 0 runs, 1 hit, 0 errors, 1 left on base; Arizona 5 - New York 4 |
BOTTOM OF THE 9TH |
New York Mets batting - Pitching for Arizona Diamondbacks : RHP André Gaillard
|
Pitching: RHP Andrew Coker
|
|
Now at 1B: Shiro Suehiro
|
|
Now in LF: Eric Klasek
|
|
Now in RF: Fabrice Bertin
|
|
Batting: SHB Tomas Caldera
|
0-0: Called Strike 0-1: SINGLE (Groundball, 34D, EV 106.2 MPH) (infield hit)
|
Batting: SHB Scott Bartholomew
|
0-0: Called Strike 0-1: Ball 1-1: Called Strike Tomas Caldera steals 2nd base (no throw) 1-2: Strikes out swinging
|
Batting: SHB Sean Cook
|
0-0: Ball 1-0: Ball 2-0: Ball 3-0: Called Strike 3-1: Base on Balls
|
Batting: SHB Jonathan Jenkins
|
0-0: Ball 1-0: Grounds into double play, U6-3 (Groundball, 4MD, EV 85.6 MPH)
|
Bottom of the 9th over - 0 runs, 1 hit, 0 errors, 1 left on base; Arizona 5 - New York 4 |
|